 Dungeon Crawl Stone Soup version 0.19.4-9-g45fd643 (webtiles) character file.

379 galech the Ruffian (level 6, -3/62 HPs)
             Began as a Troll Monk on Feb 16, 2017.
             Slain by a slave (5 damage)
             ... led by Pikel
             ... on level 5 of the Dungeon.
             The game lasted 00:06:08 (3215 turns).

galech the Ruffian (Troll Monk)                     Turns: 3215, Time: 00:06:09

Health: -3/62      AC:  5    Str: 22    XL:     6   Next: 45%
Magic:  5/5        EV: 11    Int:  6    God:
Gold:   218        SH:  0    Dex: 12    Spells: 0 memorised, 5 levels left

rFire  . . .     SeeInvis .       - Unarmed
rCold  . . .     Gourm    +     a - +0 robe
rNeg   . . .     Faith    .     (no shield)
rPois  .         Spirit   .     (helmet restricted)
rElec  .         Reflect  .     (no cloak)
rCorr  .         Harm     .     (gloves unavailable)
MR     .....                    (boots unavailable)
Stlth  ++........               (no amulet)
                                (no ring)
                                (no ring)

@: no status effects
A: unfitting armour, claws 3, fast metabolism 3, gourmand, regeneration 1,
shaggy fur 1, tough skin 2
a: no special abilities


You were on level 5 of the Dungeon.
You were full.

You visited 1 branch of the dungeon, and saw 5 of its levels.

You collected 218 gold pieces.

Inventory:

Armour
 a - a +0 robe (worn)
Wands
 q - a wand of disintegration (16/24)
 x - a wand of confusion (31/48)
Scrolls
 c - a scroll of immolation {unknown}
 e - a scroll of remove curse
 f - a scroll of random uselessness {unknown}
 i - 2 scrolls of recharging {unknown}
 m - a scroll of fog {unknown}
 n - 4 scrolls of amnesia
 p - a scroll of teleportation {unknown}
 t - 2 scrolls of fear
 u - a scroll of noise
 v - a scroll of enchant armour
Potions
 d - 4 potions of agility {unknown}
 g - 2 potions of might {unknown}
 h - a potion of invisibility {unknown}
 j - a potion of magic {unknown}
 k - 2 potions of curing
 l - 2 potions of cancellation {unknown}
 r - 2 potions of haste {unknown}
 w - a potion of flight {unknown}
Comestibles
 b - 6 bread rations
 o - a beef jerky
 s - 3 fruits
 z - 2 slices of pizza


   Skills:
 + Level 4.0 Fighting
 + Level 3.6 Dodging
 - Level 1.2 Stealth
 + Level 5.0 Unarmed Combat


You had 5 spell levels left.
You didn't know any spells.

Dungeon Overview and Level Annotations

Branches:
Dungeon (5/15)
 Temple: D:4-7

Altars:
Yredelemnul

Annotations:
D:5 Pikel


Innate Abilities, Weirdness & Mutations

You are too large for most types of armour.
You have claws for hands.
Your metabolism is lightning-fast.
You like to eat raw meat.
Your natural rate of healing is unusually fast.
You are covered in fur. (AC +1)
You have very tough skin. (AC +2)


Message History

Pikel freezes you.
* * * LOW HITPOINT WARNING * * *
You closely miss Pikel.
Pikel is heavily wounded.
The slave barely misses you. Pikel hits you but does no damage.
You scratch Pikel.
Pikel is heavily wounded.
The slave barely misses you. Pikel hits you with a whip of freezing.
* * * LOW HITPOINT WARNING * * *
Pikel freezes you.
* * * LOW HITPOINT WARNING * * *
You barely miss Pikel.
Pikel is heavily wounded.
The slave hits you.
* * * LOW HITPOINT WARNING * * *
Pikel drinks a potion.
Pikel is healed!
You barely miss Pikel.
Pikel is moderately wounded.
The slave hits you.
You die...

#.
.
.##
..#
#.#
#p#
#K#
#@#
#p#
#p#
...
#.#
###


You could see Pikel and 3 slaves.

Vanquished Creatures
  A slave (D:4)
  A phantom (D:4)
  A scorpion (D:4)
  2 hounds (D:4)
  An orc priest (D:3)
  A worker ant (D:4)
  A hound zombie (D:3)
  2 adders (D:2)
  3 oozes
  6 worms
  A dart slug (D:2)
  2 leopard geckos
  5 orcs
  7 bats
  5 giant cockroaches
  8 goblins
  7 hobgoblins
  8 kobolds
  4 ball pythons
  7 frilled lizards
  6 rats
79 creatures vanquished.

Notes
Turn   | Place    | Note
-------+----------+-------------------------------------------
     0 | D:1      | galech the Troll Monk began the quest for the Orb.
     0 | D:1      | Reached XP level 1. HP: 22/22 MP: 0/0
   253 | D:1      | Reached XP level 2. HP: 29/29 MP: 1/1
   586 | D:1      | Reached XP level 3. HP: 36/36 MP: 2/2
   874 | D:2      | Found a basalt altar of Yredelemnul.
  1248 | D:2      | Reached XP level 4. HP: 45/45 MP: 3/3
  1854 | D:3      | Reached skill level 4 in Unarmed Combat
  2254 | D:3      | Reached XP level 5. HP: 35/53 MP: 4/4
  2919 | D:4      | Noticed a phantom
  2945 | D:4      | Killed a phantom
  2945 | D:4      | Reached XP level 6. HP: 42/62 MP: 5/5
  3061 | D:4      | Reached skill level 5 in Unarmed Combat
  3080 | D:4      | Noticed a slave
  3081 | D:4      | Noticed a slave
  3081 | D:4      | Noticed Pikel
  3081 | D:4      | Noticed a slave
  3082 | D:4      | Noticed a slave
  3093 | D:4      | Killed a slave
  3102 | D:4      | HP: 2/62 [Pikel/whip of freezing (2)]
  3152 | D:5      | Entered Level 5 of the Dungeon
  3214 | D:5      | HP: 1/62 [slave[Pikel] (4)]
  3215 | D:5      | Slain by a slave

Skill      XL: |  1  2  3  4  5  6 |
---------------+-------------------+-----
Fighting       | 3 4 |  4.0
Unarmed Combat | 4 5 |  5.0
Dodging        | 3 |  3.6
Stealth        | |  1.2

Action                   |  1- 3 |  4- 6 || total
-------------------------+-------+-------++-------
Melee: Unarmed           |    80 |   147 ||   227
       Punch             |       |     2 ||     2
  Use: Scroll            |       |     6 ||     6
 Stab: Sleeping          |     3 |     3 ||     6
       Distracted        |     1 |       ||     1
  Eat: Chunk             |    17 |    15 ||    32
Armor: Robe              |    18 |    26 ||    44
Dodge: Dodged            |    37 |    75 ||   112
